 Dungeon Crawl Stone Soup version 0.20.1-1-g8b1a95d (webtiles) character file.

1572 Linguinho the Shield-Bearer (level 8, 0/73 HPs)
             Began as a Deep Dwarf Fighter on Oct 29, 2017.
             Slain by a sky beast (1 damage)
             ... on level 6 of the Dungeon.
             The game lasted 00:19:54 (6178 turns).

Linguinho the Shield-Bearer (Deep Dwarf Fighter)    Turns: 6178, Time: 00:19:54

Health: 0/73       AC:  0    Str: 21      XL:     8   Next: 59%
Magic:  0/0        EV: 13    Int:  9 (10) God:
Gold:   320        SH:  0    Dex: 12      Spells: 7/7 levels left

rFire    . . .     SeeInvis .   (no weapon)
rCold    . . .     Gourm    .   (no shield)
rNeg     . . .     Faith    .   (no armour)
rPois    .         Spirit   .   (no helmet)
rElec    .         Reflect  .   (no cloak)
rCorr    .         Harm     .   (no gloves)
MR       +....                  (no boots)
Stlth    +.........             (no amulet)
Regen    0.0/turn               (no ring)
MPRegen  0.1/turn               (no ring)

@: non-regenerating
A: damage resistance, heal wounds, deterioration 1, sense surroundings 1, no
regeneration
a: Heal Wounds


You were on level 6 of the Dungeon.
You were not hungry.

You visited 1 branch of the dungeon, and saw 8 of its levels.
You also visited: Sewer.

You collected 320 gold pieces.

Inventory:

Scrolls
 g - 2 scrolls of amnesia {unknown}
 h - 10 scrolls of identify {unknown}
 m - 10 scrolls of remove curse {unknown}
 o - 2 scrolls of immolation {unknown}
 u - 2 scrolls of blinking {unknown}
 v - 2 scrolls of fog {unknown}
 w - 3 scrolls of fear {unknown}
 y - 4 scrolls of teleportation {unknown}
 z - a scroll of recharging {unknown}
 I - a scroll of enchant weapon {unknown}
Potions
 b - a potion of resistance {unknown}
 d - 2 potions of might
 e - 4 potions of brilliance {unknown}
 k - 4 potions of ambrosia {unknown}
 n - 4 potions of curing {unknown}
 p - a potion of haste {unknown}
 q - 3 potions of agility {unknown}
 t - a potion of flight {unknown}
 F - 3 potions of heal wounds {unknown}
Comestibles
 f - 3 bread rations
 i - 6 meat rations
 l - 2 royal jellies
 s - 3 fruits


   Skills:
 * Level 4.5 Fighting
   Level 6.5 Maces & Flails
 * Level 5.7 Armour
 * Level 3.7 Dodging
 + Level 0.6 Stealth
   Level 6.7 Shields


You had 7 spell levels left.
You didn't know any spells.

Dungeon Overview and Level Annotations

Branches:
Dungeon (8/15)             Temple (0/1) D:4
   Lair: D:8-11

Altars:
Fedhas
Hepliaklqana
Makhleb
The Shining One

Shops:
D:7 !}


Innate Abilities, Weirdness & Mutations

You are resistant to damage.
You can heal yourself by infusing magical energy.
You passively map a small area around you.
You do not regenerate.
Your body sometimes deteriorates upon taking damage.


Message History

The sky beast barely misses you.
The sky beast flickers out of sight!
Deactivating autopickup; reactivate with Ctrl-A.
Something hits you. Something shocks you.
* * * LOW HITPOINT WARNING * * *
You closely miss something. Something barely misses you. Something hits you.
* * * LOW HITPOINT WARNING * * *
Something shocks you.
* * * LOW HITPOINT WARNING * * *
Something hits you. Something shocks you.
* * * LOW HITPOINT WARNING * * *
Something hits you. Something shocks you.
* * * LOW HITPOINT WARNING * * *
Something hits you.
* * * LOW HITPOINT WARNING * * *
Something shocks you.
* * * LOW HITPOINT WARNING * * *
You closely miss something. Something hits you.
You die...

...............#.#...#.#
###########.##.........#
#.##.....#####
#########.##.##...#####
###.........#<..........#
....###.....#..#....##.##
....# #........#....##.#
....###.....##.....<...#
......†.........@{..##.#
....###..######.##....)#
...........# #....>######
...####.#..# ##..#.#....#
...####.#..####..###.##.#
...#.........##..###.##.#
######.............^.##.#
..# ##........########.#
..#####.....##.########.#


There were no monsters in sight!

Vanquished Creatures
  An orc warrior (D:7)
  An ogre (D:6)
  2 centaurs
  A necrophage (D:5)
  A bullfrog (D:6)
  2 scorpions
  A crimson imp (D:5)
  A jelly (D:5)
  A centaur zombie (D:6)
  A hound (D:5)
  3 orc priests
  Natasha (twice) (D:4)
  2 iguanas
  6 orc wizards
  9 worker ants
  A hound zombie (D:5)
  3 hound skeletons
  3 gnolls (D:6)
  6 adders
  2 river rats (Sewer)
  A shadow imp (D:6)
  3 oozes
  An adder skeleton (D:4)
  3 worms
  A dart slug (D:5)
  4 leopard geckos
  20 orcs
  6 giant cockroaches
  4 goblins
  8 hobgoblins
  3 jackals (D:6)
  9 kobolds
  A quokka (D:7)
  4 ball pythons
  4 bats
  3 frilled lizards
  A leopard gecko skeleton (D:5)
  6 rats
131 creatures vanquished.

Notes
Turn   | Place    | Note
-------+----------+-------------------------------------------
     0 | D:1      | Linguinho the Deep Dwarf Fighter began the quest for the Orb.
     0 | D:1      | Reached XP level 1. HP: 20/20 MP: 1/1
   177 | D:1      | Reached XP level 2. HP: 20/27 MP: 2/2
   751 | D:2      | Reached XP level 3. HP: 33/34 MP: 2/2
  1059 | D:2      | Reached skill level 1 in Dodging
  1291 | D:3      | Reached XP level 4. HP: 19/42 MP: 3/3
  2040 | D:4      | Reached XP level 5. HP: 48/49 MP: 4/4
  2123 | D:4      | Reached skill level 5 in Shields
  2149 | D:4      | Found a glowing drain.
  2197 | Sewer    | Entered a sewer
  2210 | Sewer    | Reached XP level 6. HP: 40/56 MP: 5/5
  2440 | D:4      | Noticed Natasha
  2464 | D:4      | Killed Natasha
  2586 | D:4      | Found a staircase to the Ecumenical Temple.
  2683 | D:4      | Noticed Natasha
  2700 | D:4      | Killed Natasha
  2820 | D:5      | Entered Level 5 of the Dungeon
  2877 | D:5      | Reached XP level 7. HP: 41/63 MP: 4/4
  3333 | D:5      | Found a hazy altar of Hepliaklqana.
  3333 | D:5      | Found a glowing golden altar of the Shining One.
  3425 | D:5      | Reached skill level 5 in Maces & Flails
  3462 | D:5      | Found a hazy altar of Hepliaklqana.
  3924 | D:6      | Reached skill level 5 in Armour
  4049 | D:6      | Reached XP level 8. HP: 64/72 MP: 4/4
  4215 | D:6      | Found a blossoming altar of Fedhas.
  4429 | D:6      | Got a pitted mace
  4430 | D:6      | Identified the +1 mace "Caonnesext" {antimagic, *Contam +Fly rElec rF++} (You found it on level 6 of the Dungeon)
  4703 | D:7      | Found a burning altar of Makhleb.
  4883 | D:7      | HP: 3/72 [orc priest/flail of protection (2)]
  5016 | D:7      | Gained mutation: Your body sometimes deteriorates upon taking damage. [mutagenic glow]
  5261 | D:7      | Found Enoasael's Distillery.
  5265 | D:7      | Found Evel's Gadget Boutique.
  5281 | D:7      | Noticed a two-headed ogre
  6177 | D:6      | HP: 1/73 [something (5)]
  6178 | D:6      | Slain by a sky beast

Skill      XL: |  1  2  3  4  5  6  7  8 |
---------------+-------------------------+-----
Fighting       | 3 4 |  4.5
Dodging        | 1 2 3 |  3.7
Shields        | 4 5 6 |  6.7
Maces & Flails | 3 4 5 6 |  6.5
Armour         | 4 5 |  5.7
Stealth        | |  0.6

Action                   |  1- 3 |  4- 6 |  7- 9 || total
-------------------------+-------+-------+-------++-------
Melee: Flail             |   147 |   290 |   187 ||   624
       Mace              |       |       |   168 ||   168
       Unarmed           |       |       |     2 ||     2
 Abil: Heal Wounds       |     1 |    10 |    17 ||    28
  Eat: Chunk             |     1 |     1 |    11 ||    13
       Bread ration      |       |     1 |     1 ||     2
Armor: Scale mail        |    67 |   114 |    49 ||   230
       Plate armour      |       |       |   147 ||   147
Dodge: Dodged            |    34 |   106 |   107 ||   247
Block: Shield            |    82 |   169 |   227 ||   478
